Map: Shrines of Lizul

Players

TimeTwist

  • Race: Zerg Zerg
  • Spawn Location: 3:00

dallaskuken

  • Race: Protoss Protoss
  • League: Silver
  • Spawn Location: 12:00

FrogMint

  • Race: Zerg Zerg
  • Spawn Location: 6:00

Loken

  • Race: Protoss Protoss
  • Spawn Location: 9:00

VOD

Have the link to the VOD?

Description

Time

  • Played on: March 7, 2017, 7:41 a.m.
  • Length: 12:24
Show
View Real Time Build Order
Export as new Build Order

TimeTwist Zerg 

Build Orders: Hatch First 

Get SALT Encoding   

  12  0:01  Drone  
  13  0:08  Drone  
  14  0:17  Overlord  
  14  0:36  Drone x2  
  14  0:37  Drone  
  17  0:54  Hatchery  
  16  1:09  Spawning Pool  
  16  1:10  Drone  
  16  1:14  Drone  
  16  1:18  Drone  
  18  1:26  Drone  
  19  1:33  Extractor  
  19  1:35  Drone  
  19  1:46  Overlord  
  19  2:00  Queen  
  21  2:06  Queen  
  21  2:08  Zergling x6  
  26  2:15  Drone  
  26  2:17  Drone  
  28  2:31  Overlord  
  28  2:33  Drone  
  29  2:45  Roach Warren  
  29  2:46  Drone  
  29  2:47  Drone  
  30  2:52  Queen  
  32  3:04  Overlord  
  32  3:06  Queen  
  33  3:34  Roach x2  
  33  3:35  Roach x5  
  46  3:46  Roach x3  
  52  4:15  Overlord x2  
  52  4:16  Lair  
  52  4:21  Extractor  
  51  4:30  Overlord x2  
  51  4:43  Evolution Chamber  
  50  4:47  Roach x3  
  50  4:48  Roach  
  58  4:53  Evolution Chamber  
  58  4:57  Roach  
  59  5:05  Roach  
  59  5:06  Roach x3  
  66  5:21  Roach  
  66  5:22  Roach x2  
  66  5:25  Glial Reconstitution  
  72  5:55  Zerg Missile Weapons Level 1  
  72  5:58  Overlord  
  72  5:59  Drone x3  
  72  6:00  Drone x2  
  71  6:23  Roach x2  
  71  6:24  Roach x2  
  77  6:42  Roach x4  
  77  6:43  Roach  
  87  6:59  Hydralisk Den  
  87  7:01  Drone x3  
  87  7:02  Drone x2  
  91  7:13  Overlord  
  91  7:14  Drone x2  
  83  7:25  Overlord  
  83  7:26  Drone x2  
  81  7:40  Lurker Den  
  81  7:44  Roach x4  
  83  7:57  Roach x2  
  83  8:08  Roach x2  
  83  8:09  Roach  
  79  8:30  Overlord  
  79  8:31  Drone x4  
  79  8:32  Drone  
  84  8:37  Burrow  
  84  8:38  Tunneling Claws  
  80  9:16  Extractor  
  75  9:18  Extractor  
  75  9:19  Spire  
  69  9:26  Drone x6  
  69  9:27  Drone x3  
  68  9:42  Overlord x2  
  68  9:43  Drone x2  
  62  10:09  Muscular Augments  
  62  10:10  Hydralisk x2  
  62  10:11  Hydralisk x3  
  72  10:23  Hatchery  
  71  10:32  Roach x4  
  71  10:37  Mutalisk x6  
  83  10:46  Hatchery  
  76  11:08  Zergling x2  
  76  11:09  Zergling x2  
  76  11:10  Roach x7, Corruptor  
  82  11:39  Mutalisk x2  
  82  11:40  Mutalisk x3  
  90  11:51  Roach  
  90  11:52  Roach  
  90  11:53  Hydralisk  
Show
View Real Time Build Order
Export as new Build Order

dallaskuken Protoss 

Build Orders:  

Get SALT Encoding   

  12  0:01  Probe (Chrono Boost)  
  13  0:12  Probe (Chrono Boost)  
  14  0:24  Pylon, Probe (Chrono Boost)  
  16  0:43  Probe (Chrono Boost)  
  16  0:45  Gateway  
  16  0:53  Probe (Chrono Boost)  
  17  1:04  Probe (Chrono Boost)  
  18  1:14  Probe (Chrono Boost)  
  19  1:25  Probe (Chrono Boost)  
  20  1:27  Assimilator  
  20  1:31  Pylon  
  20  1:34  Zealot  
  20  1:35  Cybernetics Core  
  22  1:43  Probe (Chrono Boost)  
  23  1:56  Probe (Chrono Boost)  
  24  2:08  Pylon  
  24  2:25  Zealot  
  26  2:39  Warp Gate  
  24  2:48  Adept, Probe (Chrono Boost)  
  26  3:04  Assimilator  
  26  3:13  Gateway  
  26  3:14  Gateway  
  26  3:18  Gateway  
  26  3:28  Probe (Chrono Boost)  
  26  3:33  Adept  
  29  3:39  Probe (Chrono Boost)  
  30  3:50  Probe (Chrono Boost)  
  31  4:00  Stalker  
  31  4:02  Probe (Chrono Boost)  
  34  4:09  Sentry, Pylon  
  36  4:11  Pylon  
  36  4:46  Stalker, Nexus  
  36  4:47  Stalker  
  36  4:48  Stalker  
  36  4:51  Stalker  
  44  5:17  Zealot x4  
  52  5:34  Pylon  
  52  5:36  Pylon  
  52  5:56  Zealot x2  
  56  5:57  Zealot x2  
  56  5:59  Pylon  
  44  6:36  Zealot x4  
  48  7:08  Robotics Facility  
  46  7:27  Zealot x3  
  48  7:50  Forge  
  48  7:52  Pylon  
  48  7:54  Pylon  
  32  8:07  Stalker  
  32  8:12  Stalker  
  32  8:13  Stalker x2  
  32  8:17  Probe (Chrono Boost)  
  39  8:28  Probe (Chrono Boost)  
  40  8:38  Probe (Chrono Boost)  
  39  8:42  Zealot x3  
  39  8:43  Zealot  
  45  8:49  Probe (Chrono Boost)  
  45  8:53  Immortal  
  50  9:00  Probe (Chrono Boost)  
  47  9:10  Probe (Chrono Boost)  
  47  9:14  Stalker x3  
  50  9:21  Probe (Chrono Boost)  
  51  9:32  Immortal  
  55  9:55  Assimilator  
  55  9:57  Assimilator  
  55  10:06  Stalker x3  
  55  10:07  Stalker  
  63  10:10  Protoss Ground Weapons Level 1  
  49  11:22  Stalker  
  49  11:23  Stalker x3  
  57  11:33  Pylon  
  57  11:36  Pylon  
  59  11:54  Mothership Core (Chrono Boost)  
  41  12:16  Stalker x2  
  41  12:17  Stalker x2  
Show
View Real Time Build Order
Export as new Build Order

FrogMint Zerg 

Build Orders: Pool First 

Get SALT Encoding   

  12  0:01  Drone  
  13  0:11  Drone  
  14  0:19  Overlord  
  14  0:36  Spawning Pool  
  14  0:39  Drone  
  14  0:44  Drone  
  14  0:49  Drone  
  16  0:55  Drone  
  17  1:02  Drone  
  18  1:28  Drone x2  
  20  1:36  Hatchery  
  19  1:41  Overlord  
  19  1:44  Drone  
  20  1:48  Queen  
  20  1:52  Extractor  
  21  2:16  Drone  
  21  2:17  Drone  
  23  2:33  Drone  
  23  2:34  Drone  
  25  2:42  Drone, Extractor  
  25  2:51  Queen  
  25  2:53  Queen  
  25  2:55  Overlord  
  29  2:59  Zergling x2  
  29  3:00  Zergling x4  
  32  3:17  Zergling x6  
  35  3:27  Queen  
  35  3:30  Metabolic Boost  
  37  3:44  Lair  
  37  3:46  Drone x2  
  39  4:13  Roach Warren  
  37  4:27  Drone x2  
  37  4:28  Drone x3  
  37  4:31  Overlord x3  
  42  4:32  Overlord  
  42  4:53  Glial Reconstitution, Hydralisk Den  
  42  4:56  Roach x4  
  48  5:10  Drone x5  
  53  5:32  Roach, Hydralisk x3  
  53  5:33  Roach, Hydralisk  
  65  5:37  Lurker Den  
  63  5:55  Hydralisk  
  63  5:56  Hydralisk  
  66  6:15  Hydralisk x2  
  66  6:31  Hydralisk  
  66  6:32  Hydralisk  
  64  6:44  Ravager  
  51  7:01  Hydralisk x2  
  50  7:27  Muscular Augments  
  5  8:20  Roach x2  
  5  8:21  Roach  
  11  8:41  Queen, Drone  
  1  9:52  Hatchery  
    11:07  Drone  
  1  11:28  Drone x2  
  3  11:36  Spawning Pool  
  2  11:56  Drone x2  
Show
View Real Time Build Order
Export as new Build Order

Loken Protoss 

Build Orders:  

Get SALT Encoding   

  12  0:02  Probe (Chrono Boost)  
  13  0:13  Probe (Chrono Boost)  
  14  0:19  Pylon  
  14  0:24  Probe (Chrono Boost)  
  15  0:38  Probe (Chrono Boost)  
  15  0:42  Gateway  
  16  0:48  Probe (Chrono Boost)  
  17  0:52  Assimilator  
  17  0:57  Assimilator  
  17  1:00  Probe (Chrono Boost)  
  18  1:08  Pylon  
  18  1:23  Gateway  
  18  1:27  Gateway  
  18  1:36  Cybernetics Core  
  18  1:40  Probe (Chrono Boost)  
  19  1:51  Probe (Chrono Boost)  
  20  1:56  Zealot  
  23  2:01  Probe (Chrono Boost)  
  23  2:03  Warp Gate  
  23  2:17  Probe (Chrono Boost)  
  24  2:26  Zealot x2  
  24  2:27  Zealot  
  24  2:28  Probe (Chrono Boost)  
  31  2:40  Pylon  
  31  2:54  Pylon  
  32  3:00  Probe (Chrono Boost)  
  34  3:16  Mothership Core (Chrono Boost)  
  34  3:19  Stalker  
  36  3:20  Stalker x2  
  40  3:29  Pylon  
  40  3:46  Stargate  
  40  3:50  Pylon  
  40  4:15  Adept x3  
  46  4:42  Fleet Beacon  
  46  4:44  Zealot x3  
  52  5:19  Nexus  
  52  5:28  Tempest  
  58  5:39  Pylon  
  58  5:43  Forge  
  58  5:53  Sentry x2  
  62  6:25  Tempest  
  65  6:38  Sentry  
  67  6:40  Zealot x2  
  69  7:26  Pylon x2  
  69  7:38  Tempest  
  45  8:14  Zealot x3  
  49  8:37  Carrier  
  49  8:44  Zealot x3  
  49  9:17  Stalker x3  
  55  9:26  Twilight Council  
  55  9:34  Nexus  
  54  10:26  Zealot x3  
  60  10:30  Tempest  
  60  10:38  Photon Cannon  
  48  11:32  Zealot x3  
Tags
 
Add a new tag
Caveats
  • Supply blocks, unpowered buildings, or Contaminate may cause inaccurate times.
  • Supply counts are checked every 10 seconds.